 Dungeon Crawl Stone Soup version 0.28.0-53-g5a82cb258f (webtiles) character file.

Game seed: 2013982502522666159

50 gobodom the Chopper (level 3, 0/40 HPs)
             Began as a Demonspawn Gladiator on June 20, 2022.
             Succumbed to an adder's poison
             ... on level 2 of the Dungeon.
             The game lasted 00:04:23 (1302 turns).

gobodom the Chopper (Demonspawn Gladiator)          Turns: 1302, Time: 00:04:24

Health: 0/40       AC: 21    Str: 14    XL:     3   Next: 55%
Magic:  3/3        EV:  2    Int: 11    God:
Gold:   31         SH:  0    Dex: 14    Spells: 2/2 levels left

rFire   . . .      SeeInvis .   a - +0 war axe
rCold   . . .      Faith    .   (no shield)
rNeg    . . .      Spirit   .   (armour currently unavailable)
rPois   +          Reflect  .   (helmet currently unavailable)
rElec   .          Harm     .   (cloak currently unavailable)
rCorr   .          Rampage  .   (gloves currently unavailable)
Will    .....      NoTele   +   (boots currently unavailable)
Stlth   +.........              (no amulet)
HPRegen 0.13/turn               (no ring)
MPRegen 0.08/turn               (no ring)

@: lethally poisoned (0 -> -2), tree-form
A: stationary, stasis, torment immunity, boosted hp, (yellow scales 1)
a: no special abilities


You were on level 2 of the Dungeon.
You were a tree.
You visited 1 branch of the dungeon, and saw 2 of its levels.

You collected 31 gold pieces.

Inventory:

Hand Weapons
 a - a +0 war axe (weapon)
Missiles
 d - 3 throwing nets (quivered)
 i - 24 bolts
 j - 28 stones
Armour
 b - a +0 leather armour
 c - a +0 helmet (melded)
 f - a +0 ring mail (melded)
 k - a +0 robe
Scrolls
 e - a scroll of amnesia {unknown}
 g - a scroll of identify {unknown}


   Skills:
 + Level 2.1 Fighting
 + Level 3.5 Axes
 + Level 2.0 Throwing
 + Level 0.8 Armour
 + Level 3.0 Dodging


You had 2 spell levels left.
You didn't know any spells.
Your spell library was empty.

Dungeon Overview and Level Annotations

Branches:
Dungeon (2/15)

Altars:


Innate Abilities, Weirdness & Mutations

You are a tree.
Your roots penetrate the ground, keeping you stationary.
You cannot be teleported.
You are immune to unholy pain and torment.
Your maximum health is greatly increased.
Your equipment is partially melded.
((You are partially covered in yellow scales. (AC +2)))


Message History

The adder bites you.
You are more poisoned.
The adder poisons you! The adder barely misses you.
The adder completely misses you.
You closely miss the adder.
The adder is heavily wounded.
You miss the adder.
You feel sick. The adder bites you.
You are more poisoned.
The adder poisons you! The adder bites you. The adder closely misses you.
You miss the adder.
The adder is heavily wounded.
You miss the adder.
* * * LOW HITPOINT WARNING * * *
You feel very sick. The adder closely misses you.
The adder bites you but does no damage. The adder bites you.
* * * LOW HITPOINT WARNING * * *
The adder barely misses you.
You closely miss the adder.
The adder is heavily wounded.
You miss the adder.
* * * LOW HITPOINT WARNING * * *
You feel sick. The adder bites you but does no damage.
The adder completely misses you. The adder bites you.
* * * LOW HITPOINT WARNING * * *
It was a potion of lignification.
You turn into a tree.
Your +0 helmet melds into your body.
Your +0 ring mail melds into your body.
Your roots penetrate the ground.
* * * LOW HITPOINT WARNING * * *
You feel sick.
The adder bites you but does no damage. x3
You barely miss the adder.
The adder is heavily wounded.
You closely miss the adder.
* * * LOW HITPOINT WARNING * * *
You feel sick. The adder bites you but does no damage.
The adder completely misses you. x2
You closely miss the adder.
The adder is heavily wounded.
You slash the adder!
You die...

.... ... #.!# .. #..#
#.# #>.# #.. ..# #..
#.# #####..###S####.#
..........S♣)...#
#####..##...####
#..###...##
#..##.....##
#.##..##......#
#.............#
#...........#.#
....##..##.#.##.###
..####..##.........###


You could see 2 adders.

Vanquished Creatures
  A gnoll (D:1)
  An adder (D:2)
  4 ball pythons
  4 endoplasms
  4 goblins
  3 hobgoblins
  2 jackals (D:1)
  4 kobolds
  3 bats
  A frilled lizard (D:1)
  3 rats
30 creatures vanquished.

Notes
Turn   | Place    | Note
-------+----------+-------------------------------------------
     0 | D:1      | gobodom the Demonspawn Gladiator began the quest for the
                  | Orb.
     0 | D:1      | Reached XP level 1. HP: 16/16 MP: 1/1
   205 | D:1      | Found a faded altar of an unknown god.
   244 | D:1      | Gained mutation: You are partially covered in yellow
                  | scales. (AC +2) [demonic ancestry]
   244 | D:1      | Reached XP level 2. HP: 22/22 MP: 2/2
   718 | D:1      | Reached XP level 3. HP: 27/27 MP: 3/3
  1301 | D:2      | HP: 1/40 [poisoned by an adder]
  1302 | D:2      | Succumbed to an adder's poison

Illustrated notes

Levels and vault maps discovered:
D:1:      dpeg_arrival_chambers_temple_mockup, layout_loops_ring,
          hellmonk_ecumenical_altar_arch_garden, minmay_unequal
D:2:      layout_loops_ring, uniq_crazy_yiuf_cottage

Skill      XL: |  1  2 |
---------------+-------+-----
Throwing       | 2 |  2.0
Axes           | 3 |  3.5
Dodging        | 3 |  3.0
Fighting       | |  2.1
Armour         | |  0.8

Action                   || total
-------------------------++-------
Melee: War axe           ||    71
  Use: Potion            ||     1
Armor: Ring mail         ||    37
       Skin              ||     4
Dodge: Dodged            ||    64
